 Dungeon Crawl Stone Soup version 0.31.0-32-g396128a36d (webtiles) character file.

Game seed: 17099684574689224761

9562 SacredBeard the Slicer (level 11, 0/90 HPs)
             Began as a Vampire Enchanter on Apr 5, 2024.
             Was a Priest of Dithmenos.
             Slain by a harpy simulacrum (11 damage)
             ... in a Gauntlet on Apr 6, 2024.
             The game lasted 01:02:36 (9878 turns).

SacredBeard the Slicer (Vampire Enchanter)          Turns: 9878, Time: 01:02:40

Health: 0/90       AC:  6    Str:  7    XL:     11   Next: 24%
Magic:  14/14      EV: 13    Int: 17    God:    Dithmenos [***...]
Gold:   453        SH:  5    Dex: 20    Spells: 3/14 levels left

rFire   . . .        a - +0 short sword (elec)
rCold   + . .        d - +0 buckler
rNeg    + . .        J - +0 robe {rC+}
rPois   .            y - +1 helmet
rElec   .            u - +0 cloak {Stlth+}
rCorr   .            (no gloves)
SInv    +            E - +0 pair of boots
Will    +....        i - amulet of the acrobat
Stlth   +++++++      o - ring of wizardry
HPRegen 0.55/turn    z - ring of positive energy
MPRegen 0.14/turn

%: no teleportation, acrobat, wizardry (x1)
@: healing quickly, wreathed by umbra, studying Evocations, invisible
A: alive, fangs 3, see invisible, vampiric 2
a: Exsanguinate, Renounce Religion, Shadow Step


You were in a Gauntlet.
You worshipped Dithmenos.
Dithmenos was most pleased with you.
You visited 2 branches of the dungeon, and saw 12 of its levels.
You also visited: Gauntlet.

You collected 771 gold pieces.
You spent 318 gold pieces at shops.

Inventory:

Hand Weapons
 a - a +0 short sword of electrocution (weapon)
 q - a +2 long sword of protection
 P - a +0 dagger of draining
 S - a +1 dagger of venom
 T - a +5 dagger
Missiles
 e - 81 stones (quivered)
 f - 2 boomerangs
 G - 2 throwing nets
 H - 3 javelins
 Z - 10 poisoned darts
Armour
 c - a +2 leather armour of fire resistance
 d - a +0 buckler (worn)
 s - the +0 ring mail of the Taurataur {rCorr}
   (You found it on level 2 of the Dungeon)

   rCorr:     It protects you from acid and corrosion.
 u - a +0 cloak of stealth (worn)
 y - a +1 helmet (worn)
 E - a +0 pair of boots (worn)
 I - the +2 pair of boots "Guvuim" {Harm}
   (You found it in a Gauntlet)

   Harm:      It increases damage dealt and taken.
 J - a +0 robe of cold resistance (worn)
Jewellery
 i - an amulet of the acrobat (around neck)
 o - a ring of wizardry (left hand)
 z - a ring of positive energy (right hand)
 A - a ring of ice
 F - a ring of poison resistance
 L - a ring of fire
 O - an amulet of magic regeneration
Wands
 b - a wand of flame (38)
 B - a wand of charming (7)
 V - a wand of iceblast (8)
Scrolls
 h - 7 scrolls of teleportation
 n - a scroll of identify
 p - 4 scrolls of blinking
 r - a scroll of amnesia {unknown}
 t - 2 scrolls of poison {unknown}
 w - a scroll of fog {unknown}
 K - a scroll of silence {unknown}
 M - a scroll of revelation {unknown}
 N - 2 scrolls of noise {unknown}
 R - 5 scrolls of vulnerability
 U - 2 scrolls of enchant weapon {unknown}
 W - 2 scrolls of fear
 X - a scroll of enchant armour
 Y - a scroll of acquirement {unknown}
Potions
 g - a potion of heal wounds {unknown}
 j - 2 potions of ambrosia
 k - 4 potions of curing
 l - a potion of berserk rage {unknown}
 m - a potion of cancellation {unknown}
 v - 2 potions of brilliance {unknown}
 x - 2 potions of attraction
 C - a potion of might {unknown}
 D - 2 potions of mutation
 Q - 3 potions of enlightenment {unknown}


   Skills:
 * Level 10.0 Fighting
 - Level 10.0 Short Blades
 - Level 1.0 Armour
 - Level 4.0 Dodging
 - Level 8.0 Stealth
 - Level 2.0 Shields
 - Level 2.0 Spellcasting
 - Level 7.0 Hexes
 - Level 5.0 Invocations
 + Level 6.8 Evocations


You had 3 spell levels left.
You knew the following spells:

 Your Spells              Type           Power      Damage    Failure   Level
a - Tukima's Dance        Hex            25%        N/A       2%          3
b - Confusing Touch       Hex            25%        N/A       2%          3
c - Ensorcelled Hibernat  Hex/Ice        26%        N/A       4%          2
d - Dazzling Flash        Conj/Hex       26%        N/A       9%          3

Your spell library contained the following spells:

 Spells                   Type           Power      Damage    Failure   Level
 Magic Dart               Conj           4%         1d3       12%         1
 Blink                    Tloc           2%         N/A       19%         2
 Call Imp                 Summ           2%         N/A       19%         2
 Lesser Beckoning         Tloc           2%         N/A       19%         2
 Mercury Vapours          Alch/Air       2%         N/A       19%         2
 Searing Ray              Conj           2%         2d4       19%         2
 Gell's Gravitas          Tloc           1%         N/A       34%         3
 Mephitic Cloud           Conj/Alch/Air  1%         N/A       34%         3
 Passwall                 Erth           1%         N/A       34%         3
 Swiftness                Air            1%         N/A       34%         3
 Teleport Other           Tloc           1%         N/A       34%         3
 Silence                  Hex/Air        6%         N/A       58%         5
 Yara's Violent Unravell  Hex/Alch       6%         3d5       58%         5
 Fulminant Prism          Conj/Alch      0%         3d5       73%         4
 Passage of Golubria      Tloc           1%         N/A       73%         4
 Curse of Agony           Necr           1%         N/A       96%         5
 Freezing Cloud           Conj/Ice/Air   0%         6-21      96%         5


Dungeon Overview and Level Annotations

Branches:
Dungeon (11/15)            Temple (1/1) D:4            Lair (0/5) D:8
Gauntlet (1/1)
    Orc: D:9-12

Altars:
Ashenzari
Cheibriados
Dithmenos
Fedhas
Gozag
Hepliaklqana
Kikubaaqudgha
Makhleb
Nemelex Xobeh
Okawaru
Qazlal
Ru
Sif Muna
Trog
Uskayaw
Vehumet
Wu Jian
Xom
Yredelemnul

Shops:
D:6 *   D:8 [[[   D:9 ?

Annotations:
D:1 1 transporter
D:7 2 runed translucent doors, exclusion: orange crystal statue Gauntlet 8 transporters, exclusion: lightning spire


Innate Abilities, Weirdness & Mutations

Your natural rate of healing is accelerated.
You have razor-sharp teeth.
You have supernaturally acute eyesight. (SInv)
You are afflicted with vampirism and can become a bat while bloodless.


Message History

The harpy simulacrum completely misses you.
The harpy simulacrum misses you. The harpy simulacrum misses you.
The harpy simulacrum completely misses you.
You block the harpy simulacrum's attack.
The harpy simulacrum completely misses you.
You block the harpy simulacrum's attack.
The harpy simulacrum closely misses you.
The harpy simulacrum completely misses you. x2
You see here a +2 leather armour of fire resistance.
c - a +2 leather armour of fire resistance The harpy simulacrum barely misses you.
The harpy simulacrum claws you. The harpy simulacrum freezes you. You resist.
There is a transporter here.
You block the harpy simulacrum's attack. x2
The harpy simulacrum completely misses you.
The harpy simulacrum misses you.
You see here the +2 pair of boots "Guvuim" {Harm}.
I - the +2 pair of boots "Guvuim" {Harm} The harpy simulacrum claws you!
The harpy simulacrum freezes you. You resist.
The harpy simulacrum completely misses you.
The harpy simulacrum claws you!
* * * LOW HITPOINT WARNING * * *
The harpy simulacrum freezes you. You resist.
* * * LOW HITPOINT WARNING * * *
The harpy simulacrum barely misses you.
The harpy simulacrum completely misses you. x2
You see here 2 boomerangs.
You block the harpy simulacrum's attack. x2
The harpy simulacrum completely misses you. x2
The harpy simulacrum completely misses you. x2
There is a transporter here.
You enter the transporter and appear at another place.
The harpy simulacrum claws you.
* * * LOW HITPOINT WARNING * * *
The harpy simulacrum freezes you. You resist.
* * * LOW HITPOINT WARNING * * *
The harpy simulacrum closely misses you.
The harpy simulacrum claws you!
You die...

# .# # #.#######.#.#
.......Z.....# #...©.©.@...#
######## #..8.8.8..##############
≈#§#≈#≈####.......####≈#≈#≈#≈#≈#≈
§§......#§#########≈#............
.8......§.§.......§........8.....
........8§....8.....8............
#######...............###########
"©)|..#...#########...#....©.(..#
......#...#.h"©.|.#...#.#....Z#.#


You could see a harpy simulacrum (unable to see you).

Vanquished Creatures
  A hell beast (Gauntlet)
  A two-headed ogre (D:9)
  Pikel (D:4)
  A cyclops (D:11)
  2 trolls
  Prince Ribbit (D:8)
  A vampire (D:11)
  2 wyverns (D:9)
  18 yaks
  A steam dragon (D:8)
  2 water moccasins
  2 hell hounds (Gauntlet)
  2 sky beasts
  2 orc warriors
  4 centaurs
  2 ice beasts
  An ogre (D:5)
  4 lemures
  A kobold brigand (D:9)
  3 bullfrogs
  2 scorpions
  5 wights (D:8)
  3 howler monkeys (D:9)
  5 orc priests
  A jelly (D:7)
  2 gnoll boudas
  2 hounds (D:5)
  A sleepcap (D:7)
  Jessica (D:2)
  9 iguanas
  6 orc wizards
  Natasha (twice) (D:2)
  11 gnolls
  13 adders
  A shadow imp (D:6)
  2 white imps
  3 ribbon worms
  3 dart slugs
  28 orcs
  8 endoplasms
  2 giant cockroaches
  5 goblins
  5 hobgoblins
  2 quokkas
  4 ball pythons
  6 bats
  2 frilled lizards
  7 kobolds
  2 rats
195 creatures vanquished.

Vanquished Creatures (collateral kills)
  A two-headed ogre (D:9)
  An orc (D:10)
  2 goblins (D:7)
4 creatures vanquished.

Vanquished Creatures (others)
  8 dancing weapons
8 creatures vanquished.

Grand Total: 207 creatures vanquished

Notes
Turn   | Place    | Note
-------+----------+-------------------------------------------
     0 | D:1      | SacredBeard the Vampire Enchanter began the quest for the
                  | Orb.
     0 | D:1      | Reached XP level 1. HP: 13/13 MP: 3/3
   840 | D:2      | Reached XP level 2. HP: 20/20 MP: 5/5
   921 | D:2      | Gained mutation: You are afflicted with vampirism and can
                  | become a bat while bloodless. [Vampire growth]
   921 | D:2      | Reached XP level 3. HP: 11/25 MP: 6/6
   930 | D:2      | HP: 1/25 [ribbon worm (6)]
  1217 | D:2      | Identified the +0 ring mail of the Taurataur {rCorr}
  1224 | D:2      | Reached XP level 4. HP: 29/31 MP: 7/7
  1312 | D:2      | Reached skill level 1 in Fighting
  1436 | D:2      | Noticed Jessica
  1443 | D:2      | Killed Jessica
  1444 | D:2      | Reached skill level 1 in Armour
  1444 | D:2      | Reached skill level 5 in Stealth
  1444 | D:2      | Reached skill level 1 in Shields
  1467 | D:2      | Noticed Natasha
  1479 | D:2      | Killed Natasha
  1480 | D:2      | Reached skill level 5 in Hexes
  1540 | D:2      | Learned a level 3 spell: Tukima's Dance
  1542 | D:2      | Noticed Natasha
  1553 | D:2      | Killed Natasha
  1554 | D:2      | Reached XP level 5. HP: 12/37 MP: 8/8
  2377 | D:4      | Reached XP level 6. HP: 44/44 MP: 9/9
  2615 | D:4      | Found a staircase to the Ecumenical Temple.
  2627 | Temple   | Entered the Ecumenical Temple
  2683 | Temple   | Became a worshipper of Dithmenos the Shadowed
  3014 | D:5      | Entered Level 5 of the Dungeon
  3015 | D:5      | Noticed Pikel
  3310 | D:4      | Killed Pikel
  3311 | D:4      | Reached skill level 5 in Short Blades
  3311 | D:4      | Reached XP level 7. HP: 41/50 MP: 10/10
  3582 | D:5      | Reached XP level 8. HP: 43/56 MP: 4/11
  4669 | D:6      | Reached * piety under Dithmenos
  4723 | D:6      | Found Fiblyf's CLEARANCE SALE!.
  5092 | D:7      | Reached XP level 9. HP: 58/61 MP: 12/12
  5096 | D:7      | Reached skill level 10 in Short Blades
  5307 | D:8      | Reached skill level 5 in Fighting
  5420 | D:8      | Noticed Prince Ribbit
  5473 | D:8      | Killed Prince Ribbit
  5567 | D:8      | Found a staircase to the Lair.
  5653 | D:7      | Found a runed translucent door.
  5660 | D:7      | Found the +10 tower shield of Ignorance {rN+ Int-4}
  5677 | D:7      | Found a runed translucent door.
  5678 | D:7      | Noticed an orange crystal statue
  5930 | D:7      | Reached skill level 1 in Invocations
  5993 | D:7      | Reached ** piety under Dithmenos
  6406 | D:8      | Found Sicy's Antique Armour Shop.
  6574 | D:8      | Found Evofotur's Armour Shoppe.
  6803 | D:8      | Reached XP level 10. HP: 41/79 MP: 13/13
  6902 | D:8      | Found Iraem's Armour Boutique.
  7135 | D:9      | Noticed a two-headed ogre
  7140 | D:9      | Learned a level 3 spell: Confusing Touch
  7147 | D:9      | Killed a two-headed ogre
  7148 | D:9      | Reached skill level 1 in Evocations
  7365 | D:9      | Found Itzoawu's Magic Scroll Shop.
  7370 | D:9      | Bought a scroll of fear for 48 gold pieces
  7370 | D:9      | Bought 2 scrolls of teleportation for 72 gold pieces
  7370 | D:9      | Bought a scroll of identify for 24 gold pieces
  7370 | D:9      | Bought a scroll of teleportation for 36 gold pieces
  7370 | D:9      | Bought a scroll of fear for 48 gold pieces
  7370 | D:9      | Bought a scroll of enchant armour for 90 gold pieces
  7528 | D:9      | Found a blossoming altar of Fedhas.
  7529 | D:9      | Noticed a two-headed ogre
  7546 | D:9      | Killed a two-headed ogre
  8080 | D:10     | Entered Level 10 of the Dungeon
  8361 | D:10     | Reached skill level 5 in Evocations
  8454 | D:10     | Reached *** piety under Dithmenos
  8455 | D:10     | Reached XP level 11. HP: 69/89 MP: 1/14
  8737 | D:10     | Reached skill level 5 in Invocations
  9337 | D:11     | Found a gate leading to a gauntlet.
  9354 | Gauntlet | Entered a Gauntlet
  9354 | Gauntlet | Found a transporter.
  9356 | Gauntlet | Noticed an arcanist
  9356 | Gauntlet | Noticed a thrashing horror
  9357 | Gauntlet | Found a transporter.
  9357 | Gauntlet | Noticed an arcanist
  9359 | Gauntlet | Found a transporter.
  9362 | Gauntlet | Found a transporter.
  9362 | Gauntlet | Found a transporter.
  9363 | Gauntlet | Found a transporter.
  9365 | Gauntlet | Noticed a purple ugly thing
  9365 | Gauntlet | Noticed a lightning spire
  9371 | Gauntlet | Found a transporter.
  9374 | Gauntlet | Noticed a glowing orange brain
  9380 | Gauntlet | Found a transporter.
  9393 | Gauntlet | Noticed a glowing orange brain
  9404 | Gauntlet | Noticed a thrashing horror
  9436 | Gauntlet | Noticed a hell beast
  9439 | Gauntlet | Found a transporter.
  9441 | Gauntlet | Found a transporter.
  9444 | Gauntlet | Found a transporter.
  9460 | Gauntlet | Found a transporter.
  9653 | Gauntlet | Learned a level 2 spell: Ensorcelled Hibernation
  9657 | Gauntlet | Learned a level 3 spell: Dazzling Flash
  9717 | Gauntlet | Killed a hell beast
  9718 | Gauntlet | Reached skill level 10 in Fighting
  9872 | Gauntlet | Identified the +2 pair of boots "Guvuim" {Harm}
  9878 | Gauntlet | Slain by a harpy simulacrum

Illustrated notes

Levels and vault maps discovered:
D:1:      spicycebolla_arrival_risky_transporter, layout_loops_ring,
          serial_forest, infiniplex_forest_straight_4,
          infiniplex_forest_clump_small, infiniplex_forest_side_room,
          infiniplex_forest_lined_corner, infiniplex_forest_clump_small,
          minmay_crystal_water
D:2:      minmay_spotlight, layout_rooms, dk_noncrumbling_3, uniq_jessica,
          uniq_natasha
D:3:      layout_loops_ring, serial_aquarium, aquarium_bridge_square
          [aquarium_subvault_bridge, aquarium_subvault_balcony,
          aquarium_subvault_wall, aquarium_subvault_balcony],
          aquarium_bridge_square [aquarium_subvault_bridge,
          aquarium_subvault_wall, aquarium_subvault_bridge,
          aquarium_subvault_wall], aquarium_window_corridor_1,
          aquarium_window_fake, aquarium_window_double, aquarium_view_2e,
          aquarium_view_4
D:4:      layout_rooms, minmay_temple_entry_purple_smoke
D:5:      layout_cave_pools, uniq_pikel
D:6:      kennysheep_spiral_hall, layout_layer_cave, nicolae_shop_clearance
D:7:      nicolae_cairo_tiling, layout_basic, enter_bailey_5, enter_ossuary_1,
          chequers_guarded_unrand_ignorance
D:8:      layout_basic, dpeg_oklobed_lair, serial_shops,
          nicolae_shop_gibbet_a_chance, shop, shop, minmay_misc_feat_five,
          uniq_prince_ribbit1
D:9:      layout_irregular_city, nicolae_overflow_crystal_walls, serial_shops,
          shop
D:10:     layout_roguey
D:11:     layout_roguey, gauntlet_entry_generic, uniq_fannar
Temple:   kilobyte_greek_temple
Gauntlet: minmay_gauntlet_mixed_oops_all_seconds
          [minmay_gauntlet_arena_77_squiggly, nicolae_gauntlet_arena_x,
          minmay_gauntlet_arena_77_box, gammafunk_gauntlet_arena_teeth,
          minmay_gauntlet_arena_77_mirror, gammafunk_gauntlet_arena_split_x,
          nicolae_gauntlet_exit_dead_adventurers]

Skill      XL: |  1  2  3  4  5  6  7  8  9 10 11 |
---------------+----------------------------------+-----
Short Blades   | 2 3 5 6 9 10 | 10.0
Fighting       | 1 2 7 9 10 | 10.0
Armour         | 1 |  1.0
Stealth        | 5 7 8 |  8.0
Shields        | 1 2 |  2.0
Hexes          | 5 7 |  7.0
Dodging        | 3 4 |  4.0
Invocations    | 2 4 5 |  5.0
Evocations     | 5 6 |  6.8
Spellcasting   | |  2.0

Action                     |  1- 3 |  4- 6 |  7- 9 | 10-12 || total
---------------------------+-------+-------+-------+-------++-------
  Melee: Dagger            |    97 |       |       |    46 ||   143
         Bite              |    10 |    34 |    47 |    39 ||   130
         Long sword        |     8 |   248 |   378 |   172 ||   806
         Short sword       |       |       |       |    46 ||    46
  Throw: Stone             |       |       |     1 |     1 ||     2
   Cast: Tukima's Dance    |       |       |     6 |    14 ||    20
         Confusing Touch   |       |       |       |    26 ||    26
         Ensorcelled Hiber |       |       |       |     4 ||     4
    Use: Potion            |       |     1 |     1 |     1 ||     3
         Scroll            |       |       |       |     8 ||     8
   Stab: Sleeping          |     4 |    15 |    16 |    11 ||    46
         Invisible         |       |     2 |       |       ||     2
         Distracted        |       |       |     1 |     1 ||     2
         Confused          |       |       |       |    22 ||    22
 Armour: Robe              |    45 |       |   237 |   131 ||   413
         Ring mail         |       |   177 |       |       ||   177
  Dodge: Dodged            |    44 |   136 |   284 |   157 ||   621
  Block: Buckler           |    12 |    70 |    97 |    59 ||   238
